 Dungeon Crawl Stone Soup version 0.32-a0-900-g30fb1b0edc (webtiles) character file.

Game seed: 3933542389813987383

47 Turgor the Chopper (level 3, -1/31 HPs)
             Began as a Mountain Dwarf Fighter on Apr 5, 2024.
             Slain by an ogre
             ... wielding a +0 giant club
              (15 damage)
             ... on level 4 of the Dungeon.
             The game lasted 00:05:55 (1374 turns).

Turgor the Chopper (Mountain Dwarf Fighter)         Turns: 1374, Time: 00:05:56

Health: -1/31      AC:  6    Str: 18    XL:     3   Next: 48%
Magic:  3/3        EV:  8    Int: 10    God:
Gold:   104        SH:  4    Dex:  9    Spells: 2/2 levels left

rFire   . . .        a - +0 war axe
rCold   . . .        c - +0 buckler
rNeg    . . .        b - +0 scale mail
rPois   .            (no helmet)
rElec   .            (no cloak)
rCorr   .            (no gloves)
SInv    .            (no boots)
Will    +....        m - amulet of the acrobat Stlth
                     n - ring of willpower
HPRegen 0.25/turn    (no ring)
MPRegen 0.08/turn

%: acrobat
@: no status effects
A: runic magic, artefact enchanting
a: no special abilities


You were on level 4 of the Dungeon.
You visited 1 branch of the dungeon, and saw 3 of its levels.

You collected 128 gold pieces.
You spent 24 gold pieces at shops.

Inventory:

Hand Weapons
 a - a +0 war axe (weapon)
Missiles
 e - 15 stones (quivered)
 l - 5 poisoned darts
Armour
 b - a +0 scale mail (worn)
 c - a +0 buckler (worn)
Jewellery
 m - an amulet of the acrobat (around neck)
 n - a ring of willpower (left hand)
Scrolls
 h - a scroll of teleportation
Potions
 d - a potion of might
 f - a potion of curing
 g - a potion of invisibility {unknown}
 i - 2 potions of lignification {unknown}
 j - a potion of brilliance {unknown}
 k - a potion of cancellation {unknown}
 o - a potion of magic {unknown}


   Skills:
 - Level 3.2 Fighting
 + Level 4.8 Axes
 - Level 3.2 Armour
 - Level 3.2 Shields


You had 2 spell levels left.
You didn't know any spells.
Your spell library contained the following spells:

 Spells                   Type           Power      Damage    Failure   Level
 Lesser Beckoning         Tloc           0%         N/A       67%         2
 Maxwell's Portable Pile  Tloc           0%         2d(5-13)  88%         3
 Stone Arrow              Conj/Erth      0%         3d7       88%         3
 Teleport Other           Tloc           0%         N/A       88%         3
 Animate Armour           Summ/Erth      0%         N/A       99%         4
 Lehudib's Crystal Spear  Conj/Erth      0%         10d2      100%        8


Dungeon Overview and Level Annotations

Branches:
Dungeon (2/15)

Altars:

Shops:
D:2 *


Innate Abilities, Weirdness & Mutations

Your spellcasting is much less encumbered by armour.
You can use scrolls of enchantment on lesser artefacts.


Message History

You kill the kobold!
You see here a +0 club.
Found a runed cabochon ring.
n - a ring of willpower
n - a ring of willpower (left hand)
You open the door.
There is an open door here.
Found a robe.
You now have 104 gold pieces (gained 10).
Unknown command.
You open the door.
There is an open door here.
An orc comes into view. It is wielding a +0 short sword.
The orc shouts!
An orc is nearby!
You block the orc's attack.
You hit the orc but do no damage. The orc hits you with a +0 short sword.
You hit the orc but do no damage. The orc hits you but does no damage.
You slash the orc!
You kill the orc!
Things that are here:
a +0 short sword; a +0 ring mail; an orc corpse HP restored.
Found a stone staircase leading up.
An ogre comes into view. It is wielding a +0 giant club.
The ogre shouts!
You hit the ogre.
The ogre is moderately wounded.
The ogre hits you but does no damage.
You hit the ogre.
The ogre is moderately wounded.
The ogre hits you with a +0 giant club!
Ouch! That really hurt!
You slash the ogre!
The ogre is heavily wounded.
The ogre barely misses you.
You slash the ogre!
The ogre is almost dead.
The ogre hits you with a +0 giant club!
You die...

##.# ## .#.# ##.
.#.# +..#... .....
...##.## #.O....#
#@# ##### ###.###
#...##########.....#
...................#
#...##########.....#
........# #.....#
#######.# #.#.###
#.# #.#.# #.# #.#.##


You could see an ogre.

Vanquished Creatures
  An orc (D:4)
  4 endoplasms
  4 giant cockroaches
  5 goblins
  5 hobgoblins
  2 quokkas
  4 ball pythons
  4 bats
  2 frilled lizards
  6 kobolds
  5 rats
42 creatures vanquished.

Notes
Turn   | Place    | Note
-------+----------+-------------------------------------------
     0 | D:1      | Turgor the Mountain Dwarf Fighter began the quest for the
                  | Orb.
     0 | D:1      | Reached XP level 1. HP: 19/19 MP: 1/1
   106 | D:1      | Reached skill level 3 in Axes
   315 | D:1      | Reached XP level 2. HP: 26/26 MP: 2/2
   680 | D:1      | Reached skill level 4 in Axes
   819 | D:2      | Found Yvvielufi's Assorted Antiques.
   823 | D:2      | Bought a cyan potion for 24 gold pieces
   881 | D:2      | Reached XP level 3. HP: 30/31 MP: 3/3
  1113 | D:2      | You fall into a shaft and drop 2 floors!
  1370 | D:4      | Noticed an ogre
  1374 | D:4      | Slain by an ogre

Illustrated notes

Levels and vault maps discovered:
D:1:      saegor_arrival_simple_e, layout_loops_cross
D:2:      layout_basic, serial_shops, shop
D:4:      layout_basic, nemelex_diamond_rough_becter, enter_ossuary_5,
          chequers_big_river, nrook_uturn

Skill      XL: |  1  2 |
---------------+-------+-----
Axes           | 3 4 |  4.8
Fighting       | |  3.2
Armour         | |  3.2
Shields        | |  3.2

Action                     || total
---------------------------++-------
  Melee: War axe           ||   118
  Throw: Stone             ||     7
    Use: Scroll            ||     5
 Armour: Scale mail        ||   121
  Dodge: Dodged            ||    51
  Block: Buckler           ||    24

Table legend: (Time is in decaauts)
 A = Elapsed time spent in this place.
 B = Non-inter-level travel time spent in this place.
 C = Inter-level travel time spent in this place.
 D = Time resting spent in this place.
 E = Time spent auto-exploring this place.
 F = Levels seen in this place.
 G = Mean time per level.
                   A        B        C        D        E       F      G
               +--------+--------+--------+--------+--------+-----+--------+
         Total |   1415 |   1404 |     11 |      0 |    914 |   3 |  471.7 |
       Dungeon |   1415 |   1404 |     11 |      0 |    914 |   3 |  471.7 |
               +--------+--------+--------+--------+--------+-----+--------+

Top non-repeatable levels by time:
     D:1: 743 daAuts
     D:2: 408 daAuts
     D:4: 262 daAuts
